Map: Cresta di Lerilak

Players

Jhyrachy

  • Race: Zerg Zerg

Sjukling - Winner!

  • Race: Zerg Zerg

VOD

Have the link to the VOD?

Description

Time

  • Played on: Dec. 3, 2015, 2:35 p.m.
  • Length: 7:08
Show
View Real Time Build Order
Export as new Build Order

Jhyrachy Zerg 

Build Orders: Hatch First 

Get SALT Encoding   

  12  0:02  Drone  
  13  0:10  Drone  
  14  0:19  Overlord  
  14  0:38  Drone  
  14  0:39  Drone  
  14  0:40  Drone  
  17  0:58  Hatchery  
  17  0:59  Drone  
  17  1:15  Spawning Pool  
  17  1:18  Drone, Extractor  
  17  1:22  Overlord  
  16  1:29  Drone  
  17  1:41  Drone  
  18  1:47  Drone  
  19  1:55  Drone  
  20  2:03  Queen  
  20  2:06  Zergling x2  
  23  2:17  Zergling x2  
  23  2:18  Zergling x2  
  24  2:43  Queen  
  25  2:55  Drone  
  25  2:56  Drone x5  
  31  3:15  Extractor  
  30  3:21  Roach Warren  
  29  3:49  Drone x4  
  29  3:52  Zergling x2  
  29  3:53  Zergling x4  
  35  4:03  Overlord x2  
  35  4:26  Roach  
  35  4:27  Roach x5  
  47  4:33  Metabolic Boost  
  45  4:52  Roach x5  
  50  5:08  Roach  
  50  5:09  Overlord  
  50  5:10  Overlord  
  47  5:42  Roach x9  
  63  5:43  Roach x2  
  41  6:12  Queen  
  37  6:27  Roach  
  37  6:28  Roach x9  
Show
View Real Time Build Order
Export as new Build Order

Sjukling Zerg - Winner!

Build Orders: Pool First 

Get SALT Encoding   

  12  0:01  Drone  
  13  0:12  Overlord  
  13  0:17  Drone  
  14  0:32  Drone x2  
  16  0:35  Drone  
  17  0:46  Spawning Pool  
  16  0:51  Drone  
  16  0:52  Extractor  
  16  0:59  Drone  
  17  1:27  Overlord  
  17  1:33  Queen  
  17  1:34  Zergling x4  
  21  1:41  Drone  
  22  1:55  Hatchery  
  21  2:05  Drone x2  
  21  2:07  Metabolic Boost  
  23  2:19  Zergling x2  
  24  2:28  Zergling x2  
  25  2:43  Drone  
  25  2:49  Roach Warren  
  24  2:56  Drone, Overlord  
  24  2:57  Zergling x2  
  26  3:09  Queen  
  26  3:10  Drone x2  
  30  3:31  Overlord  
  30  3:37  Roach x3  
  30  3:38  Roach x2  
  39  4:04  Roach x5  
  39  4:05  Roach  
  51  4:10  Overlord  
  51  4:20  Overlord  
  51  4:22  Drone  
  50  4:57  Roach x4  
  58  5:01  Ravager  
  58  5:03  Overlord  
  58  5:04  Drone  
  60  5:08  Drone x4, Extractor  
  60  5:09  Drone x2  
  56  5:52  Roach  
  56  5:53  Roach x2  
  56  5:54  Zergling x2  
  56  5:55  Zergling x14  
  70  6:01  Zergling x2  
  69  6:07  Drone  
  57  6:26  Zergling x2  
  57  6:27  Zergling x4  
  58  6:38  Zergling x16  
Tags
 
Add a new tag
Caveats
  • Supply blocks, unpowered buildings, or Contaminate may cause inaccurate times.
  • Supply counts are checked every 10 seconds.